 Dungeon Crawl Stone Soup version 0.28-a0-932-g843f935a50 (webtiles) character file.

Game seed: 13784624488115564504

693 Dwarfinator the Chopper (level 7, -1/59 HPs)
             Began as a Hill Orc Fire Elementalist on Nov 27, 2021.
             Was an Initiate of Beogh.
             Slain by a killer bee zombie (3 damage)
             ... on level 5 of the Dungeon on Nov 28, 2021.
             The game lasted 01:54:36 (6216 turns).

Dwarfinator the Chopper (HOFE)                      Turns: 6216, Time: 01:54:37

Health: -1/59      AC:  3    Str: 13    XL:     7   Next: 64%
Magic:  2/10       EV: 12    Int: 15    God:    Beogh [......]
Gold:   170        SH:  0    Dex: 11    Spells: 7/10 levels left

rFire   + . .      SeeInvis .   v - +1 dagger (elec)
rCold   x . .      Faith    .   (no shield)
rNeg    . . .      Spirit   .   a - +0 robe
rPois   .          Reflect  .   u - +0 hat
rElec   .          Harm     .   (no cloak)
rCorr   .          Rampage  .   j - +0 pair of gloves
Will    .....                   (no boots)
Stlth   +.........              (no amulet)
HPRegen 0.19/turn               z - ring of fire
MPRegen 0.12/turn               (no ring)

@: hasted, invisible, slow
A: no striking features
a: Renounce Religion


You were on level 5 of the Dungeon.
You worshipped Beogh.
Beogh was noncommittal.
You visited 1 branch of the dungeon, and saw 5 of its levels.

You collected 170 gold pieces.

Inventory:

Hand Weapons
 d - a +0 hunting sling
 r - a +0 war axe
 v - a +1 dagger of electrocution (weapon)
 y - a +1 dagger of venom
Missiles
 e - 184 stones
Armour
 a - a +0 robe (worn)
 j - a +0 pair of gloves (worn)
 u - a +0 hat (worn)
 x - a +0 scale mail
Jewellery
 z - a ring of fire (left hand)
Scrolls
 f - a scroll of magic mapping {unknown}
 h - a scroll of enchant weapon {unknown}
 i - a scroll of immolation {unknown}
 k - 4 scrolls of identify {unknown}
 o - a scroll of summoning {unknown}
 p - a scroll of acquirement {unknown}
 q - 4 scrolls of amnesia {unknown}
 s - a scroll of brand weapon {unknown}
 w - a scroll of fear {unknown}
Potions
 c - 2 potions of lignification
 g - a potion of degeneration {unknown}
 l - a potion of flight {unknown}
 m - a potion of invisibility
 n - a potion of magic {unknown}
 t - a potion of mutation {unknown}


   Skills:
 + Level 4.3 Fighting
 * Level 5.7 Axes
 + Level 3.2 Armour
 - Level 1.5 Dodging
 - Level 1.5 Stealth
 - Level 2.3 Spellcasting
 - Level 1.9 Conjurations
 + Level 4.9 Fire Magic


You had 7 spell levels left.
You knew the following spells:

 Your Spells              Type           Power      Damage    Failure   Level
a - Foxfire               Conj/Fire      72%        2x1d7     5%          1
b - Scorch                Fire           48%        2d7       4%          2

Your spell library contained the following spells:

 Spells                   Type           Power      Damage    Failure   Level
 Conjure Flame            Conj/Fire      18%        6-21      16%         3
 Inner Flame              Hex/Fire       13%        N/A       24%         3
 Flame Wave               Conj/Fire      18%        3d5       45%         4


Dungeon Overview and Level Annotations

Branches:
Dungeon (5/15)
 Temple: D:4-7

Altars:
Ashenzari
Trog

Shops:
D:5 [

Annotations:
D:2 exclusion: ogre
D:3 exclusion: downstairs


Message History

The bullfrog zombie is heavily damaged.
The bullfrog zombie hits you.
* * * LOW HITPOINT WARNING * * *
The bullfrog zombie hits you.
* * * LOW HITPOINT WARNING * * *
Your magical contamination has completely faded away.
It was a potion of invisibility.
You fade into invisibility!
The bullfrog zombie is no longer more vulnerable to fire.
The bullfrog zombie closely misses you.
You hit the bullfrog zombie.
Lightning courses through the bullfrog zombie!!
You destroy the bullfrog zombie!
Beogh accepts your kill.
You start resting.
A killer bee zombie is nearby!
The killer bee zombie closely misses you.
You hit the killer bee zombie.
The killer bee zombie is lightly damaged.
The killer bee zombie barely misses you.
Your unstable footing causes you to fumble your attack.
The killer bee zombie hits you.
* * * LOW HITPOINT WARNING * * *
The killer bee zombie hits you.
* * * LOW HITPOINT WARNING * * *
You closely miss the killer bee zombie.
The killer bee zombie is lightly damaged.
The killer bee zombie hits you but does no damage.
The killer bee zombie misses you.
You barely miss the killer bee zombie.
The killer bee zombie is lightly damaged.
The killer bee zombie misses you.
It was a potion of haste.
You feel yourself speed up.
The killer bee zombie barely misses you.
The killer bee zombie hits you.
* * * LOW HITPOINT WARNING * * *
You hit the killer bee zombie.
The killer bee zombie is lightly damaged.
The killer bee zombie hits you.
You die...

#:.......≈..
#####.<.....≈≈≈≈
##∩⌠###..........
##....##.....#..
##......##....#
#...##...#..#... ###
#..####..##..###.
..#########.######)#
..#
..........#.#≈##@#.#
..##+
#########.#..####Z.#
.#.. #
#.#..####).##... #
#.##..##..##...## #
# #..##....##
....#Z# # ##..##..##
..#c.Z# #
##..#.c####...# #
##.........# #
#########...#


You could see a killer bee zombie.

Vanquished Creatures
  An ogre (D:4)
  A necrophage (D:4)
  A centaur (D:5)
  A phantom (D:5)
  2 hounds
  A jelly (D:4)
  A bullfrog zombie (D:5)
  A centaur skeleton (D:4)
  An iguana (D:4)
  2 orc wizards (D:4)
  2 hound skeletons (D:4)
  2 adders (D:2)
  5 worms
  A dart slug (D:3)
  8 orcs
  10 ball pythons
  8 bats
  6 endoplasms
  3 giant cockroaches
  6 goblins
  10 hobgoblins
  3 jackals (D:2)
  3 kobolds
  2 quokkas
  A frilled lizard (D:1)
  5 rats
87 creatures vanquished.

Vanquished Creatures (others)
  An orc priest (D:4)
  48 foxfires
49 creatures vanquished.

Grand Total: 136 creatures vanquished

Notes
Turn   | Place    | Note
-------+----------+-------------------------------------------
     0 | D:1      | Dwarfinator the Hill Orc Fire Elementalist began the quest
                  | for the Orb.
     0 | D:1      | Reached XP level 1. HP: 14/14 MP: 3/3
   365 | D:1      | Reached skill level 1 in Fighting
   365 | D:1      | Reached XP level 2. HP: 23/23 MP: 1/4
   495 | D:1      | Learned a level 2 spell: Scorch
  1048 | D:1      | Reached XP level 3. HP: 28/28 MP: 3/6
  1469 | D:2      | Found a faded altar of an unknown god.
  2201 | D:2      | Reached skill level 1 in Axes
  2201 | D:2      | Reached XP level 4. HP: 36/36 MP: 2/7
  2586 | D:2      | Noticed an ogre
  3082 | D:4      | Noticed an ogre
  3570 | D:4      | Killed an ogre
  3571 | D:4      | Reached skill level 2 in Axes
  3571 | D:4      | Reached skill level 1 in Armour
  3571 | D:4      | Reached XP level 5. HP: 44/44 MP: 1/8
  3753 | D:4      | Reached skill level 3 in Axes
  4329 | D:3      | Noticed a moth of wrath
  4352 | D:3      | Found a bloodstained altar of Trog.
  4698 | D:4      | Reached XP level 6. HP: 51/51 MP: 6/9
  4899 | D:5      | Entered Level 5 of the Dungeon
  4914 | D:5      | Reached skill level 4 in Axes
  4922 | D:5      | Found a broken altar of Ashenzari.
  4999 | D:4      | Became a worshipper of Beogh the Brigand
  5553 | D:4      | Reached XP level 7. HP: 58/58 MP: 5/10
  5937 | D:4      | Reached skill level 5 in Axes
  6139 | D:5      | Found Rostam's Dragon-Slaying Spoils.
  6212 | D:5      | HP: 2/59 [killer bee zombie (4)]
  6216 | D:5      | Slain by a killer bee zombie

Illustrated notes

Levels and vault maps discovered:
D:1:      dpeg_arrival_concentric_ovals, layout_basic
D:2:      layout_loops_corners, hellmonk_ecumenical_altar_zigzags
D:3:      layout_basic, tgw_trog, chequers_hall_statues_corner_a,
          minmay_quadrilaterals
D:4:      layout_cave_pods
D:5:      layout_rooms, lemuel_doored_altar, mainiacjoe_overflow_brackets,
          ebering_ghost_inner_flame, gup_sewer_entry_glass, minmay_door_square,
          nicolae_shop_dragon_depot, minivault_19,
          minmay_fractal_squares_diagonal_5

Skill      XL: |  1  2  3  4  5  6  7 |
---------------+----------------------+-----
Fighting       | 1 2 3 4 |  4.3
Spellcasting   | 2 |  2.3
Axes           | 1 2 3 4 5 |  5.7
Armour         | 1 2 3 |  3.2
Fire Magic     | 4 |  4.9
Dodging        | |  1.5
Stealth        | |  1.5
Conjurations   | |  1.9

Action                   |  1- 3 |  4- 6 |  7- 9 || total
-------------------------+-------+-------+-------++-------
Melee: Rapier            |    17 |       |       ||    17
       Hand axe          |     7 |    17 |       ||    24
       War axe           |       |     7 |       ||     7
       Dagger            |       |     2 |    35 ||    37
 Fire: Hunting sling     |    26 |    45 |     6 ||    77
 Cast: Foxfire           |    27 |       |       ||    27
       Scorch            |    12 |    48 |    15 ||    75
Invok: Convert to Beogh  |       |     1 |       ||     1
  Use: Potion            |       |       |     3 ||     3
Armor: Robe              |     8 |     7 |     5 ||    20
       Skin              |       |       |    11 ||    11
Dodge: Dodged            |    14 |    39 |    18 ||    71

Table legend: (Time is in decaauts)
 A = Elapsed time spent in this place.
 B = Non-inter-level travel time spent in this place.
 C = Inter-level travel time spent in this place.
 D = Time resting spent in this place.
 E = Time spent auto-exploring this place.
 F = Levels seen in this place.
 G = Mean time per level.
                   A        B        C        D        E       F      G
               +--------+--------+--------+--------+--------+-----+--------+
         Total |   6242 |   5865 |    377 |   1366 |   1239 |   5 | 1248.4 |
       Dungeon |   6242 |   5865 |    377 |   1366 |   1239 |   5 | 1248.4 |
               +--------+--------+--------+--------+--------+-----+--------+

Top non-repeatable levels by time:
     D:2: 1893 daAuts
     D:4: 1476 daAuts
     D:3: 1427 daAuts
     D:1: 1208 daAuts
     D:5: 236 daAuts
